 Dungeon Sprint DCSS version 0.18-a0-1180-g64ccc1e (webtiles) character file.

10700000 namelastname112 the Intangible (level 27, -43/249 HPs)
             Began as a Demonspawn Gladiator on Jan 27, 2016.
             Was the Champion of Makhleb.
             Killed by the air
             ... invoked by a tyrant
              (52 damage)
             ... in the Dungeon (Sprint VIII: "Arena of Blood").
             The game lasted 00:02:36 (107 turns).

namelastname112 the Intangible (DsGl)                Turns: 107, Time: 00:02:36

Health: -43/249    AC:  8    Str: 18    XL:     27
Magic:  39/54      EV: 42    Int: 10    God:    Makhleb [******]
Gold:   0          SH:  0    Dex: 24    Spells: 0 memorised, 80 levels left

rFire  . . .     SeeInvis .     k - +∞ Axe of Woe
rCold  + . .     Gourm    .     a - +0 leather armour
rNeg   . . .     Faith    .     (shield currently unavailable)
rPois  .         Spirit   .     b - +0 helmet
rElec  .         Dismiss  .     (no cloak)
rCorr  .         Reflect  .     (no gloves)
SustAt .         Harm     .     (boots unavailable)
MR     ++...     NoTele   +     (no amulet)
Stlth  +++++++++.               (no ring)
                                (no ring)

@: lethally poisoned (-43 -> -44), repel missiles, very resistant to hostile
enchantments, incredibly stealthy
A: hooves 3, repulsion field 3, cold resistance 1, foul stench 2, passive
freeze, powered by death 3, rot immunity, freezing cloud immunity
a: Minor Destruction, Lesser Servant of Makhleb, Major Destruction, Greater
Servant of Makhleb, Renounce Religion


You were in the Dungeon.
You worshipped Makhleb.
Makhleb was exalted by your worship.
You were not hungry.

You visited 1 branch

Inventory:

Hand Weapons
 k - the +∞ Axe of Woe (weapon)
   (You found it in the Dungeon)
Missiles
 c - 3 throwing nets (quivered)
Armour
 a - a +0 leather armour (worn)
 b - a +0 helmet (worn)
Scrolls
 j - a scroll of blinking
Potions
 e - a potion of curing
 f - a potion of heal wounds
 g - a potion of haste
 h - 2 potions of magic
 i - a potion of berserk rage
Comestibles
 d - a bread ration


   Skills:
 O Level 27 Fighting
 O Level 27 Axes
 O Level 27 Throwing
 O Level 27 Armour
 O Level 27 Dodging
 O Level 27 Stealth
 O Level 27 Unarmed Combat
 O Level 27 Spellcasting
 O Level 27 Invocations


You had 80 spell levels left.
You didn't know any spells.

Dungeon Overview and Level Annotations

Branches:
Dungeon (1/1)

Altars:
Makhleb


Innate Abilities, Weirdness & Mutations

You have hooves in place of feet.
You are surrounded by a strong repulsion field (EV +4, rMsl).
Your flesh is cold resistant.
You frequently emit foul miasma when damaged in melee.
A frigid envelope surrounds you and freezes all who hurt you.
You regenerate a lot of health from kills.
You are immune to rotting.
You are immune to freezing clouds.


Message History

Unknown command.
Unknown command.
Unknown command.
Unknown command.
You are engulfed in roaring flames.
You hear a shout! x3
The scourge throws poison at you. The bolt of poison hits you!
You are poisoned.
* * * LOW HITPOINT WARNING * * *
The dread is engulfed in roaring flames.
The tyrant moves out of view.
You feel something staring at you.
A bolt of fire appears from out of thin air!
Deactivating autopickup; reactivate with Ctrl-A.
The bolt of fire hits you!
* * * LOW HITPOINT WARNING * * *
The tyrant waves its bony arms in wide circles.
The air twists around and strikes you!
You die...

...... ..... ..
#.... .# o. #...
..# ...###%..
..###.
..o....%###..%.§.
#.....)).§..%.o.
.... #§§§..#
o.... #@W<.§#
..2...#§W§.%#.W
#o.o..)))_§V.%L.
OooOS...###......
...###..S .%###.
.o #.... ..#
#..L.. .#
..M..C...
....o..o


You could see an accursed, 2 tyrants, a destroyer, a scourge, 2 dreads and a bag
of meat.

Vanquished Creatures
  Sigmund (D)
  4 hell beasts (D)
  A greater mummy (D)
  A great orb of eyes (D)
  2 wraiths (D)
  14 vampire knights (D)
  27 ogres (D)
  2 liches (D)
  53 orcs (D)
  2 phantoms (D)
  7 hill giants (D)
  5 skeletal warriors (D)
  8 large abominations (D)
  4 small abominations (D)
  3 crawling corpses (D)
134 creatures vanquished.

Notes
Turn   | Place    | Note
--------------------------------------------------------------
     0 | D        | namelastname112 the Demonspawn Gladiator began the quest for the Orb.
     0 | D        | Reached XP level 1. HP: 16/16 MP: 1/1
     3 | D        | Noticed a bag of meat
     4 | D        | Became a worshipper of Makhleb the Destroyer
     5 | D        | Noticed a bag of meat
     7 | D        | Killed a bag of meat
     7 | D        | Reached skill level 10 in Fighting
     7 | D        | Reached skill level 16 in Dodging
     7 | D        | Gained mutation: You have large cloven feet. [demonic ancestry]
     7 | D        | Reached XP level 2. HP: 19/36 MP: 2/2
     7 | D        | Gained mutation: You are immune to rotting. [demonic ancestry]
     7 | D        | Reached XP level 3. HP: 22/42 MP: 3/3
     7 | D        | Reached XP level 4. HP: 25/49 MP: 4/4
     7 | D        | Gained mutation: You are surrounded by a mild repulsion field (EV +2). [demonic ancestry]
     7 | D        | Reached XP level 5. HP: 27/54 MP: 5/5
     7 | D        | Gained mutation: You regenerate a little health from kills. [demonic ancestry]
     7 | D        | Reached XP level 6. HP: 30/61 MP: 6/6
     7 | D        | Gained mutation: You regenerate health from kills. [demonic ancestry]
     7 | D        | Reached XP level 7. HP: 32/67 MP: 7/7
     7 | D        | Reached XP level 8. HP: 35/74 MP: 8/8
     7 | D        | Reached XP level 9. HP: 37/79 MP: 9/9
     7 | D        | Gained mutation: You may emit foul miasma when damaged in melee. [demonic ancestry]
     7 | D        | Reached XP level 10. HP: 40/86 MP: 10/10
     7 | D        | Gained mutation: You have hoof-like feet. [demonic ancestry]
     7 | D        | Reached XP level 11. HP: 42/92 MP: 11/11
     7 | D        | Killed a bag of meat
     7 | D        | Reached * piety under Makhleb
     7 | D        | Reached skill level 10 in Throwing
     7 | D        | Reached skill level 18 in Dodging
     7 | D        | Gained mutation: You are surrounded by a moderate repulsion field (EV +3). [demonic ancestry]
     7 | D        | Reached XP level 12. HP: 85/102 MP: 12/12
    11 | D        | Noticed a bag of meat
    12 | D        | Noticed a bag of meat
    12 | D        | Noticed a meat berserker
    13 | D        | Noticed a bag of meat
    14 | D        | Noticed a bag of meat
    14 | D        | Noticed a bag of meat
    15 | D        | Noticed a bag of meat
    15 | D        | Killed a bag of meat
    15 | D        | Reached skill level 1 in Axes
    15 | D        | Reached skill level 20 in Dodging
    15 | D        | Gained mutation: Your flesh is cold resistant. [demonic ancestry]
    15 | D        | Reached XP level 13. HP: 101/111 MP: 13/13
    15 | D        | Killed a meat berserker
    15 | D        | Reached ** piety under Makhleb
    15 | D        | Reached skill level 15 in Fighting
    15 | D        | Reached skill level 22 in Dodging
    15 | D        | Reached XP level 14. HP: 107/123 MP: 14/14
    15 | D        | Killed a bag of meat
    15 | D        | Reached skill level 23 in Dodging
    15 | D        | Reached XP level 15. HP: 112/131 MP: 15/15
    17 | D        | Noticed a meat berserker
    18 | D        | Noticed a meat berserker
    18 | D        | Reached *** piety under Makhleb
    18 | D        | Reached skill level 24 in Dodging
    18 | D        | Reached skill level 5 in Axes
    18 | D        | Reached skill level 15 in Throwing
    18 | D        | Reached skill level 25 in Dodging
    19 | D        | Killed a meat berserker
    19 | D        | Reached skill level 26 in Dodging
    19 | D        | Gained mutation: You regenerate a lot of health from kills. [demonic ancestry]
    19 | D        | Reached XP level 16. HP: 141/145 MP: 16/16
    19 | D        | Reached **** piety under Makhleb
    19 | D        | Reached skill level 27 in Dodging
    19 | D        | Reached skill level 27 in Unarmed Combat
    19 | D        | Reached skill level 10 in Axes
    19 | D        | Reached skill level 1 in Armour
    19 | D        | Reached XP level 17. HP: 146/158 MP: 17/17
    20 | D        | Noticed a large bag of meat
    21 | D        | Noticed a meat berserker
    21 | D        | Killed a meat berserker
    21 | D        | Reached ***** piety under Makhleb
    21 | D        | Reached skill level 15 in Axes
    22 | D        | Gained mutation: You have hooves in place of feet. [demonic ancestry]
    22 | D        | Reached XP level 18. HP: 176/179 MP: 18/18
    22 | D        | Reached skill level 27 in Fighting
    23 | D        | Noticed a meat berserker
    23 | D        | Killed a meat berserker
    23 | D        | Killed a large bag of meat
    24 | D        | Reached XP level 19. HP: 189/189 MP: 19/19
    24 | D        | Reached ****** piety under Makhleb
    25 | D        | Noticed a large bag of meat
    26 | D        | Noticed a destroyer
    27 | D        | Noticed a meat berserker
    27 | D        | Noticed a destroyer
    27 | D        | Noticed a destroyer
    28 | D        | Noticed a meat berserker
    28 | D        | Noticed a destroyer
    28 | D        | Reached skill level 27 in Throwing
    28 | D        | Killed a destroyer
    28 | D        | Reached skill level 27 in Axes
    28 | D        | Gained mutation: You frequently emit foul miasma when damaged in melee. [demonic ancestry]
    28 | D        | Reached XP level 20. HP: 197/197 MP: 20/20
    29 | D        | Killed a meat berserker
    29 | D        | Reached skill level 27 in Armour
    32 | D        | Killed a meat berserker
    32 | D        | Reached XP level 21. HP: 204/204 MP: 20/37
    32 | D        | Reached skill level 15 in Stealth
    34 | D        | Killed a destroyer
    34 | D        | Reached skill level 27 in Invocations
    34 | D        | Reached XP level 22. HP: 212/212 MP: 20/47
    35 | D        | Killed a destroyer
    35 | D        | Reached skill level 27 in Stealth
    36 | D        | Reached skill level 27 in Spellcasting
    38 | D        | Gained mutation: You are immune to freezing clouds. [demonic ancestry]
    38 | D        | Reached XP level 23. HP: 212/219 MP: 21/54
    39 | D        | Killed a destroyer
    40 | D        | Noticed a destroyer
    42 | D        | Gained mutation: A frigid envelope surrounds you and freezes all who hurt you. [demonic ancestry]
    42 | D        | Reached XP level 24. HP: 227/227 MP: 22/54
    44 | D        | Killed a destroyer
    45 | D        | Reached XP level 25. HP: 234/234 MP: 23/54
    51 | D        | Reached XP level 26. HP: 242/242 MP: 24/54
    52 | D        | Noticed a tyrant
    56 | D        | Noticed an accursed
    60 | D        | Killed a tyrant
    63 | D        | Gained mutation: You are surrounded by a strong repulsion field (EV +4, rMsl). [demonic ancestry]
    63 | D        | Reached XP level 27. HP: 249/249 MP: 27/54
    64 | D        | Noticed a destroyer
    65 | D        | Noticed a destroyer
    65 | D        | Noticed a dread
    67 | D        | Noticed a meat beast
    67 | D        | Noticed The Captor
    67 | D        | Killed a dread
    70 | D        | Killed a destroyer
    70 | D        | Killed an accursed
    71 | D        | Killed a meat beast
    74 | D        | Killed a destroyer
    75 | D        | Noticed a dread
    76 | D        | Killed The Captor
    77 | D        | Noticed a destroyer
    78 | D        | Killed a destroyer
    79 | D        | Noticed a destroyer
    80 | D        | Killed a destroyer
    84 | D        | Noticed a destroyer
    84 | D        | Noticed a destroyer
    85 | D        | Killed a destroyer
    86 | D        | Killed a destroyer
    87 | D        | Noticed a destroyer
    88 | D        | Noticed a meat beast
    88 | D        | Killed a dread
    92 | D        | Noticed a dread
    92 | D        | Killed a meat beast
    93 | D        | Noticed a destroyer
    93 | D        | Noticed a meat beast
    93 | D        | Killed a destroyer
    94 | D        | Noticed a destroyer
    95 | D        | Noticed a tyrant
    95 | D        | Noticed a meat beast
    95 | D        | Noticed a dread
    95 | D        | Killed a destroyer
    97 | D        | Killed a destroyer
    98 | D        | Killed a meat beast
   100 | D        | Noticed a tyrant
   100 | D        | Killed a meat beast
   103 | D        | Noticed a tyrant
   105 | D        | Noticed an accursed
   105 | D        | Killed a tyrant
   106 | D        | Noticed a meat beast
   106 | D        | Noticed a tyrant
   106 | D        | Noticed a destroyer
   107 | D        | Noticed a tyrant
   107 | D        | HP: 9/249 [something/bolt of fire (47)]
   107 | D        | Killed from afar by a tyrant

Vault maps used:
D:        meatsprint

Action                   |  1- 3 |  4- 6 |  7- 9 | 10-12 | 13-15 | 16-18 | 19-21 | 22-24 | 25-27 || total
-------------------------+-------+-------+-------+-------+-------+-------+-------+-------+-------++-------
Melee: Executioner's axe |     1 |       |       |     1 |     2 |     5 |     5 |    10 |    47 ||    71
